 Dungeon Crawl Stone Soup version 0.29.1-12-g30fa7ad0bf (webtiles) character file.

Game seed: 1321828404823788165

83 mopl the Magician (level 4, -1/27 HPs)
             Began as an Octopode Hedge Wizard on Jan 2, 2023.
             Slain by a gnoll
             ... wielding a +0 whip
              (9 damage)
             ... on level 2 of the Dungeon.
             The game lasted 00:02:23 (2631 turns).

mopl the Magician (Octopode Hedge Wizard)           Turns: 2631, Time: 00:02:24

Health: -1/27      AC:  1    Str:  9    XL:     4   Next: 44%
Magic:  9/9        EV: 13    Int: 18    God:
Gold:   125        SH:  0    Dex: 11    Spells: 4/10 levels left

rFire   . . .      SeeInvis .   a - +0 dagger
rCold   . . .      Faith    .   (no shield)
rNeg    . . .      Spirit   .   b - +0 hat
rPois   .          Reflect  .   (no amulet)
rElec   .          Harm     .   (no ring)
rCorr   .          Rampage  .   (no ring)
Will    .....                   (no ring)
Stlth   +++.......              (no ring)
HPRegen 0.09/turn               (no ring)
MPRegen 0.11/turn               (no ring)
                                (no ring)
                                (no ring)

@: no status effects
A: almost no armour, amphibious, 8 rings, camouflage 1, gelatinous body 1,
(nimble swimmer 1), tentacles
a: no special abilities


You were on level 2 of the Dungeon.
You visited 1 branch of the dungeon, and saw 3 of its levels.

You collected 125 gold pieces.

Inventory:

Hand Weapons
 a - a +0 dagger (weapon)
Missiles
 l - 3 atropa-tipped darts
 o - 5 javelins
Armour
 b - a +0 hat (worn)
Jewellery
 m - an amulet of regeneration
Scrolls
 d - a scroll of teleportation {unknown}
 e - 2 scrolls of enchant armour {unknown}
 g - a scroll of blinking {unknown}
 h - 2 scrolls of identify {unknown}
 p - a scroll of amnesia {unknown}
 q - a scroll of poison {unknown}
Potions
 c - a potion of magic
 f - 3 potions of flight {unknown}
 i - 3 potions of attraction {unknown}
 j - 2 potions of mutation {unknown}
 k - a potion of cancellation {unknown}
 n - a potion of lignification {unknown}
 r - a potion of invisibility {unknown}


   Skills:
 - Level 2.0 Dodging
 - Level 2.6 Stealth
 + Level 3.7 Spellcasting
 + Level 2.5 Conjurations
 - Level 1.0 Summonings
 + Level 1.5 Translocations
 + Level 1.0 Air Magic
 + Level 1.1 Poison Magic


You had 4 spell levels left.
You knew the following spells:

 Your Spells              Type           Power      Damage    Failure   Level
a - Magic Dart            Conj           48%        1d5       5%          1
c - Mephitic Cloud        Conj/Pois/Air  8%         N/A       24%         3
e - Blink                 Tloc           16%        N/A       12%         2

Your spell library contained the following spells:

 Spells                   Type           Power      Damage    Failure   Level
 Slow                     Hex            12%        N/A       16%         1
 Call Imp                 Summ           6%         N/A       16%         2
 Conjure Flame            Conj/Fire      7%         6-21      26%         3


Dungeon Overview and Level Annotations

Branches:
Dungeon (3/15)

Altars:


Innate Abilities, Weirdness & Mutations

You cannot wear most types of armour.
You are amphibious.
You can wear up to eight rings at the same time.
Your skin changes colour to match your surroundings (Stealth+).
Your rubbery body absorbs attacks. (AC +1, EV +1)
((You are camouflaged when in or above water. (Stealth+)))
You have tentacles for arms and can constrict up to eight enemies at once.


Message History

A giant cockroach is nearby!
The magic dart hits the giant cockroach but does no damage.
The giant cockroach is almost dead.
You miscast Magic Dart.
Nothing appears to happen.
The magic dart hits the giant cockroach but does no damage.
The giant cockroach is almost dead.
The giant cockroach waves its antennae.
You barely miss the giant cockroach. Your grab misses the giant cockroach.
You squeeze the giant cockroach.
You kill the giant cockroach!
No target in view!
There is a stone staircase leading up here.
You start resting.
Your magical contamination has completely faded away.
You start resting.
A worm comes into view.
The magic dart hits the worm.
The worm is moderately wounded.
The magic dart hits the worm but does no damage.
The worm is moderately wounded.
The magic dart hits the worm.
The worm is moderately wounded.
The magic dart hits the worm.
The worm is moderately wounded.
You are out of magic!
You are out of magic!
You climb upwards.
There is a stone staircase leading down, spattered with blood here.
You start resting.
Magic restored.
You climb downwards.
The gnoll completely misses you.
There is a stone staircase leading up here.
Unknown command.
The gnoll hits you with a +0 whip. The worm bites you!
You climb upwards.
There is a stone staircase leading down, spattered with blood here.
The gnoll hits you with a +0 whip.
* * * LOW HITPOINT WARNING * * *
The gnoll hits you with a +0 whip!
You die...

###.#####.#.## #.##.##..#.###
#......##....###.##.##..#.###
#.#.##.##........##..........
#.#.##.##....#######.....####
#.#.##.##.#### ###...###
#.#.##.#.#...#### #.......#
#......##.......# #.##.##.#
###.#####.......# #.##.##.#
#.# #...@...# #.##.##.# #.#
#..g....# #.##.##.# #.#
#...w...# #.##.##.# #.#
#....[..# #.......# #.#
#.......# ####.#### #.#
######### #.# ####.#### #.#
#.......#### #.# #.##.##....#
#.#


You could see a worm and a gnoll.

Vanquished Creatures
  An adder (D:3)
  A gnoll (D:2)
  2 worms (D:2)
  A dart slug (D:2)
  3 orcs
  3 ball pythons
  5 endoplasms
  4 giant cockroaches
  3 goblins
  4 hobgoblins
  7 jackals (D:1)
  2 quokkas (D:1)
  3 bats
  5 kobolds
  2 rats
46 creatures vanquished.

Notes
Turn   | Place    | Note
-------+----------+-------------------------------------------
     0 | D:1      | mopl the Octopode Hedge Wizard began the quest for the Orb.
     0 | D:1      | Reached XP level 1. HP: 11/11 MP: 4/4
   399 | D:1      | Reached XP level 2. HP: 17/17 MP: 4/6
   769 | D:1      | Reached skill level 2 in Conjurations
   940 | D:1      | Reached XP level 3. HP: 17/21 MP: 0/7
  1008 | D:1      | Learned a level 2 spell: Blink
  1012 | D:1      | Learned a level 3 spell: Mephitic Cloud
  1654 | D:2      | Identified the +2 scale mail of Lyrphymium {Will+}
  2313 | D:3      | Reached skill level 1 in Poison Magic
  2313 | D:3      | Reached XP level 4. HP: 27/27 MP: 2/9
  2528 | D:3      | Reached skill level 1 in Air Magic
  2631 | D:2      | Slain by a gnoll

Illustrated notes

Levels and vault maps discovered:
D:1:      dpeg_arrival_rooms_b, layout_basic, nicolae_eternal_life,
          dk_noncrumbling_4, minmay_cupped
D:2:      layout_loops_cross
D:3:      layout_rooms, minmay_misc_feat_hallway, chequers_mini_garden

Skill      XL: |  1  2  3  4 |
---------------+-------------+-----
Conjurations   | 2 |  2.5
Poison Magic   | 1 |  1.1
Air Magic      | 1 |  1.0
Dodging        | |  2.0
Stealth        | |  2.6
Spellcasting   | |  3.7
Summonings     | |  1.0
Translocations | |  1.5

Action                   |  1- 3 |  4- 6 || total
-------------------------+-------+-------++-------
Melee: Dagger            |    92 |     7 ||    99
       Constrict         |    19 |     2 ||    21
       Tentacles         |    17 |     5 ||    22
       Punch             |     2 |       ||     2
 Cast: Magic Dart        |    24 |    22 ||    46
 Stab: Sleeping          |    11 |     1 ||    12
Armor: Skin              |     4 |       ||     4
Dodge: Dodged            |    71 |     4 ||    75
